 Dungeon Crawl Stone Soup version 0.28.0-53-g5a82cb258f (webtiles) character file.

Game seed: 9913240970456747727

65 Neuros91 the Covered (level 3, 33/33 HPs)
             Began as a Minotaur Fighter on June 15, 2022.
             Quit the game on level 2 of the Dungeon.
             The game lasted 00:05:13 (1576 turns).

Neuros91 the Covered (Minotaur Fighter)             Turns: 1576, Time: 00:05:13

Health: 33/33      AC:  7    Str: 22    XL:     3   Next: 94%
Magic:  2/2        EV:  9    Int:  5    God:
Gold:   44         SH:  4    Dex:  9    Spells: 2/2 levels left

rFire   . . .      SeeInvis .   a - +0 war axe
rCold   . . .      Faith    .   c - +0 buckler
rNeg    . . .      Spirit   .   b - +0 scale mail
rPois   .          Reflect  .   (helmet restricted)
rElec   .          Harm     .   (no cloak)
rCorr   .          Rampage  .   (no gloves)
Will    .....                   (no boots)
Stlth   ..........              g - amulet of regeneration
HPRegen 0.91/turn               (no ring)
MPRegen 0.08/turn               (no ring)

@: no status effects
A: horns 2, retaliatory headbutt
a: no special abilities


You were on level 2 of the Dungeon.
You visited 1 branch of the dungeon, and saw 2 of its levels.

You collected 44 gold pieces.

Inventory:

Hand Weapons
 a - a +0 war axe (weapon)
Missiles
 j - 3 poisoned darts (quivered)
Armour
 b - a +0 scale mail (worn)
 c - a +0 buckler (worn)
 k - a +2 helmet
Jewellery
 g - an amulet of regeneration (around neck)
 i - an amulet of magic regeneration
Potions
 d - a potion of might
 e - 4 potions of curing {unknown}
 f - a potion of brilliance
 h - a potion of heal wounds


   Skills:
 + Level 4.1 Fighting
 + Level 3.2 Axes
 + Level 4.2 Armour
 + Level 1.5 Dodging
 + Level 4.1 Shields


You had 2 spell levels left.
You didn't know any spells.
Your spell library contained the following spells:

 Spells                   Type           Power      Damage    Failure   Level
 Corpse Rot               Necr/Air       0%         N/A       95%         2
 Poisonous Vapours        Pois/Air       0%         N/A       95%         2


Dungeon Overview and Level Annotations

Branches:
Dungeon (2/15)

Altars:


Innate Abilities, Weirdness & Mutations

You have a pair of horns on your head.
You reflexively headbutt those who attack you in melee.


Message History

There is an open door here.
Found an escape hatch in the floor.
You now have 44 gold pieces (gained 8).
There is an escape hatch in the floor here.
There is an escape hatch in the floor here.
Found an escape hatch in the ceiling.
A kobold comes into view. It is wielding a +0 dagger.
The kobold shouts!
An adder comes into view.
The kobold barely misses you.
The adder hisses angrily.
You slash the kobold!
You kill the kobold!
You miss the adder.
You headbutt the adder, but do no damage.
The adder bites you but does no damage. x2
You barely miss the adder. You block the adder's attack. The adder bites you.
You barely miss the adder. The adder completely misses you.
You barely miss the adder. Your headbutt misses the adder.
The adder closely misses you. The adder barely misses you.
You slash the adder!
You kill the adder!
You see here an adder corpse.
You see here a +0 dagger.
You pick up a book of Vapours and begin reading...
You add the spells Poisonous Vapours and Corpse Rot to your library.
Found a stone staircase leading up.
There is a stone staircase leading up here.
Things that are here:
a +0 short sword; 5 stones
Found a runed scarf.
No target in view!
No target in view!
There is an open door, spattered with blood here.
You open the door.
There is an open door here.
You see here a +0 dagger.
You see here an adder corpse.
Found a leather armour.
Are you sure you want to abandon this character and quit the game? (Confirm with "yes".)

#........# #....####.##
#####.##.###.#)####...#
#.................#
##########†####...# #.#
##### #.# #######.###
#.........# #.#####@#.#
#...[...#.# #..####.#.#
..#.# ....# .....#
#....# .....


There were no monsters in sight!

Vanquished Creatures
  2 adders (D:2)
  A dart slug (D:2)
  3 ball pythons
  3 endoplasms
  3 giant cockroaches
  2 hobgoblins
  4 jackals (D:1)
  3 kobolds
  A quokka (D:2)
  6 bats
  A frilled lizard (D:2)
  7 goblins
  5 rats
41 creatures vanquished.

Notes
Turn   | Place    | Note
-------+----------+-------------------------------------------
     0 | D:1      | Neuros91 the Minotaur Fighter began the quest for the Orb.
     0 | D:1      | Reached XP level 1. HP: 19/19 MP: 0/0
   190 | D:1      | Reached XP level 2. HP: 25/27 MP: 1/1
   220 | D:1      | Found a faded altar of an unknown god.
   544 | D:1      | Reached skill level 1 in Dodging
   764 | D:1      | Reached XP level 3. HP: 33/33 MP: 2/2
  1576 | D:2      | Quit the game

Illustrated notes

Levels and vault maps discovered:
D:1:      eino_arrival_cavern_e, layout_basic,
          shapermc_ecumenical_altar_mp_ritualfount, minmay_misc_feat_ornament,
          corner_web_ring, minmay_cupped
D:2:      layout_loops_corners, minivault_25

Skill      XL: |  1  2  3 |
---------------+----------+-----
Dodging        | 1 |  1.5
Fighting       | 4 |  4.1
Armour         | 4 |  4.2
Shields        | 4 |  4.1
Axes           | 3 |  3.2

Action                   || total
-------------------------++-------
Melee: War axe           ||    89
       Headbutt          ||     9
  Use: Scroll            ||     3
Armor: Scale mail        ||    44
Dodge: Dodged            ||    52
Block: Buckler           ||    20
